 Dungeon Crawl Stone Soup version 0.18.1-50-g88ac8fd (webtiles) character file.

1813 Drunkenshrew the Cleaver (level 8, 0/109 HPs)
             Began as a Yellow Draconian Berserker on Dec 14, 2016.
             Was an Elder of Trog.
             Slain by a manticore (10 damage)
             ... on level 6 of the Dungeon.
             The game lasted 00:20:21 (4789 turns).

Drunkenshrew the Cleaver (DrBe)                     Turns: 4789, Time: 00:20:22

Health: 0/109      AC:  7    Str: 25    XL:     8   Next: 84%
Magic:  8/8        EV: 13    Int:  8    God:    Trog [****..]
Gold:   316        SH:  0    Dex: 12    Spells: 0 memorised, 7 levels left

rFire  . . .     SeeInvis .     y - +6 hand axe
rCold  . . .     Gourm    .     (armour unavailable)
rNeg   + . .     Faith    .     (no shield)
rPois  .         Spirit   .     (helmet restricted)
rElec  .         Dismiss  .     (no cloak)
rCorr  +         Reflect  .     l - +0 pair of gloves
SustAt .         Harm     .     (no boots)
MR     .....                    (no amulet)
Stlth  ..........               (no ring)
                                g - ring of positive energy

@: berserking, very quick, not resistant to hostile enchantments, extremely
unstealthy
A: spit acid, acid resistance, unfitting armour, cold-blooded, AC +6
a: Spit Acid, Berserk, Trog's Hand, Brothers in Arms, Burn Spellbooks, Renounce
Religion


You were on level 6 of the Dungeon.
You worshipped Trog.
Trog was greatly pleased with you.
You were not hungry.

You visited 1 branch of the dungeon, and saw 6 of its levels.
You also visited: Sewer and Ossuary.

You collected 316 gold pieces.

Inventory:

Hand Weapons
 t - a +0 war axe
 y - a +6 hand axe (weapon)
Armour
 l - a +0 pair of gloves (worn)
Jewellery
 g - a ring of positive energy (left hand)
Wands
 p - a wand of slowing (30/48)
 z - a wand of lightning (15/15)
 B - a wand of iceblast (7/15)
 C - a wand of iceblast (6/15)
 I - a wand of paralysis (15/24)
 K - a wand of iceblast (6/15)
Scrolls
 d - 2 scrolls of recharging
 k - 4 scrolls of remove curse
 q - 4 scrolls of identify
 r - 2 scrolls of fog
 F - 2 scrolls of enchant weapon
Potions
 e - a potion of beneficial mutation {unknown}
 f - a potion of invisibility
 h - 4 potions of haste
 i - a potion of agility
 j - 3 potions of flight
 n - a potion of cancellation
 s - 2 potions of heal wounds
 u - a potion of brilliance {unknown}
 v - 2 potions of lignification {unknown}
 w - a potion of mutation {unknown}
 A - 2 potions of cure mutation {unknown}
 G - 2 potions of curing {unknown}
 H - a potion of berserk rage {unknown}
Books
 a - a book of Death

   Spells                             Type                      Level
   a - Corpse Rot                     Necromancy                   2
   b - Sublimation of Blood           Necromancy                   2
   c - Agony                          Necromancy                   5
   d - Dispel Undead                  Necromancy                   5
   e - Excruciating Wounds            Charms/Necromancy            5
   f - Bolt of Draining               Conjuration/Necromancy       5
   Trog disapproves of the use of such an item.
 c - an Akashic Record

   Spells                             Type                      Level
   a - Dispersal                      Translocation                6
   b - Malign Gateway                 Summoning/Translocation      7
   c - Disjunction                    Translocation                8
   d - Controlled Blink               Translocation                8
   Trog disapproves of the use of such an item.
 D - a book of Annihilations

   Spells                             Type                      Level
   a - Poison Arrow                   Conjuration/Poison           6
   b - Chain Lightning                Conjuration/Air              8
   c - Lehudib's Crystal Spear        Conjuration/Earth            8
   d - Glaciate                       Conjuration/Ice              9
   e - Fire Storm                     Conjuration/Fire             9
   Trog disapproves of the use of such an item.
 E - a book of Clouds

   Spells                             Type                      Level
   a - Mephitic Cloud                 Conjuration/Poison/Air       3
   b - Conjure Flame                  Conjuration/Fire             3
   c - Poisonous Cloud                Conjuration/Poison/Air       6
   d - Freezing Cloud                 Conjuration/Ice/Air          6
   e - Ring of Flames                 Charms/Fire                  7
   Trog disapproves of the use of such an item.
Miscellaneous
 x - a plain deck of defence
Comestibles
 b - 6 bread rations
 m - 3 meat rations
 o - 3 fruits
 J - a slice of pizza
 L - 5 chunks of flesh


   Skills:
 - Level 7.1 Fighting
 + Level 10.2 Axes
 - Level 3.0 Dodging


You had 7 spell levels left.
You didn't know any spells.

Dungeon Overview and Level Annotations

Branches:
Dungeon (6/15)
 Temple: D:4-7

Altars:
Elyvilon
Kikubaaqudgha
The Shining One

Shops:
D:4 :


Innate Abilities, Weirdness & Mutations

You can spit globs of acid.
You are resistant to acid.
Your golden yellow scales are hard (AC +6).
Your body does not fit into most forms of armour.
You are cold-blooded and may be slowed by cold attacks.


Message History

You slash the manticore! You tail-slap the manticore.
The manticore is heavily wounded.
You slice the centaur!!
You kill the centaur!
Trog accepts your kill. The manticore bites you!!
* * * LOW HITPOINT WARNING * * *
The manticore claws you!
* * * LOW HITPOINT WARNING * * *
The manticore closely misses you.
You slash the manticore! You tail-slap the manticore!
The manticore is severely wounded.
Unknown command.
You slash the manticore!
The manticore is almost dead.
The manticore bites you!
* * * LOW HITPOINT WARNING * * *
The manticore claws you but does no damage.
The manticore claws you!
You die...

.#######.......#
...........###.#
........#### #.#
.######.# #.# .# #.#
####.# .######.#
#....# .....##.#
#..#.#
#########*#..########
*,,,+,,#..#..@H.)#
*,8,*,,#..#(.#)=!#
****,,,*,,#..#..#(.$#
,,,*****,,#..#..#####
****,,,,,,#..#......#
*,,,,,,#..#...รท..#
*,.#####..#####..#
*,.....#..#......#
****,.....#..#......#


You could see a manticore.

Vanquished Creatures
  Grinder (D:4)
  An ice beast (D:6)
  A sky beast (D:6)
  A centaur (D:6)
  Blork the orc (D:6)
  5 giant frogs
  2 scorpions
  2 centaur zombies (Ossuary)
  2 crimson imps
  A human zombie (Ossuary)
  4 orc priests
  2 hounds
  An orc wizard (D:6)
  3 iguanas
  6 worker ants
  A hound skeleton (D:4)
  2 mummies (Ossuary)
  A howler monkey zombie (D:6)
  5 adders
  2 gnolls (D:4)
  An ooze (D:1)
  4 adder zombies (Ossuary)
  2 worms
  2 dart slugs
  10 giant geckos
  15 orcs
  14 giant cockroaches
  12 hobgoblins
  4 jackals
  6 kobolds
  2 quokkas
  2 ball pythons (Sewer)
  7 bats (D:1)
  9 giant newts
  11 goblins
  A goblin zombie (Ossuary)
  7 hobgoblin zombies (Ossuary)
  A jackal zombie (Ossuary)
  10 kobold zombies (Ossuary)
  9 orc zombies (Ossuary)
  A quokka skeleton (D:6)
  12 rats
  2 rat zombies (Ossuary)
188 creatures vanquished.

Notes
Turn   | Place    | Note
--------------------------------------------------------------
     0 | D:1      | Drunkenshrew the Draconian Berserker began the quest for the Orb.
     0 | D:1      | Reached XP level 1. HP: 19/19 MP: 1/1
   153 | D:1      | Reached XP level 2. HP: 18/26 MP: 2/2
   620 | D:1      | Reached XP level 3. HP: 28/33 MP: 3/3
   800 | D:2      | Reached ** piety under Trog
   842 | D:2      | Found a white marble altar of Elyvilon.
  1457 | D:3      | Noticed a scorpion
  1463 | D:3      | Killed a scorpion
  1463 | D:3      | Reached skill level 4 in Axes
  1463 | D:3      | Reached XP level 4. HP: 40/40 MP: 4/4
  1668 | D:3      | Reached skill level 5 in Axes
  1876 | D:3      | Found a glowing golden altar of the Shining One.
  1971 | D:3      | Reached *** piety under Trog
  1971 | D:3      | Reached XP level 5. HP: 47/47 MP: 5/5
  2148 | D:4      | Noticed Grinder
  2159 | D:4      | Killed Grinder
  2159 | D:4      | Reached XP level 6. HP: 58/58 MP: 6/6
  2411 | D:4      | Found Kuxautec's Book Boutique.
  2743 | D:5      | Entered Level 5 of the Dungeon
  2754 | D:5      | Your scales start taking on a golden yellow colour.
  2754 | D:5      | Reached XP level 7. HP: 66/66 MP: 7/7
  3161 | D:5      | Reached skill level 6 in Axes
  3231 | D:5      | Found an ancient bone altar of Kikubaaqudgha.
  3237 | D:5      | Reached skill level 7 in Axes
  3559 | D:6      | Found a sand-covered staircase.
  3566 | Ossuary  | Entered an ossuary
  3672 | Ossuary  | Reached XP level 8. HP: 65/73 MP: 8/8
  3683 | Ossuary  | Reached skill level 8 in Axes
  3842 | D:6      | Found a glowing drain.
  3846 | Sewer    | Entered a sewer
  3881 | Sewer    | Reached **** piety under Trog
  4529 | D:6      | Noticed Blork the orc
  4535 | D:6      | Killed Blork the orc
  4535 | D:6      | Reached skill level 9 in Axes
  4759 | D:6      | Reached skill level 10 in Axes
  4784 | D:6      | Noticed a manticore
  4789 | D:6      | Slain by a manticore

Skill      XL: |  1  2  3  4  5  6  7  8 |
---------------+-------------------------+-----
Dodging        | 3 |  3.0
Fighting       | 4 6 7 |  7.1
Axes           | 4 5 7 10 | 10.2

Action                   |  1- 3 |  4- 6 |  7- 9 || total
-------------------------+-------+-------+-------++-------
Melee: Hand axe          |   125 |    44 |   235 ||   404
       Tailslap          |    10 |    14 |    29 ||    53
       War axe           |       |    78 |     2 ||    80
Invok: Berserk           |     1 |     7 |     6 ||    14
       Trog's Hand       |       |     3 |       ||     3
  Use: Scroll            |       |       |    16 ||    16
 Stab: Sleeping          |     1 |       |       ||     1
       Distracted        |       |       |     1 ||     1
  Eat: Chunk             |     2 |    12 |    12 ||    26
       Beef jerky        |       |       |     1 ||     1
Armor: Skin              |    40 |    33 |    58 ||   131
Dodge: Dodged            |    88 |    92 |   134 ||   314
